 Dungeon Crawl Stone Soup version 0.31.0-32-g396128a36d (webtiles) character file.

Game seed: 12859357629197346963

243013 Peloso the Hoplite (level 19, -18/177 HPs)
             Began as a Minotaur Fighter on Apr 20, 2024.
             Was the Champion of Okawaru.
             Demolished by a dire elephant (46 damage)
             ... on level 1 of the Vaults.
             The game lasted 01:50:55 (38376 turns).

Peloso the Hoplite (Minotaur Fighter)              Turns: 38376, Time: 01:50:56

Health: -18/177    AC: 29    Str: 25    XL:     19   Next: 11%
Magic:  19/19      EV: 13    Int:  7    God:    Okawaru [******]
Gold:   3337       SH: 24    Dex: 14    Spells: 18/18 levels left

rFire   + + .        b - +8 falchion of Giogg {spect, rN++ Int+2}
rCold   + . .        d - +0 tower shield {rC+ rF+}
rNeg    + + .        D - +7 chain mail of Vehumet's Vengeance {rElec rF+}
rPois   .            (helmet restricted)
rElec   +            R - +0 cloak
rCorr   .            M - +2 pair of gloves
SInv    .            F - +1 pair of boots of the Other World {Will+}
Will    ++...        K - amulet of regeneration
Stlth   +            t - ring of flight
HPRegen 1.29/turn    Q - +4 ring of slaying
MPRegen 0.16/turn

%: no passive effects
@: marked, flying, studying Translocations
A: horns 2, retaliatory headbutt
}: 1/15 runes: barnacled
a: Renounce Religion, Heroism, Finesse, Duel, Receive Weapon, Receive Armour


You were on level 1 of the Vaults.
You worshipped Okawaru.
Okawaru was exalted by your worship.
You visited 8 branches of the dungeon, and saw 32 of its levels.
You visited 1 bazaar.

You collected 4939 gold pieces.
You spent 1602 gold pieces at shops.

Inventory:

Hand Weapons
 a - a +2 double sword of flaming
 b - the +8 falchion of Giogg (weapon) {spect, rN++ Int+2}
   (You found it on level 8 of the Dungeon)

   Int+2:     It affects your intelligence (+2).
   rN++:      It greatly protects you from negative energy.
 c - a +4 scimitar of flaming
Missiles
 q - 4 throwing nets (quivered)
Armour
 d - a +0 tower shield of resistance (worn)
 D - the +7 chain mail of Vehumet's Vengeance (worn) {rElec rF+}
   (You found it on level 7 of the Dungeon)

   rF+:       It protects you from fire.
   rElec:     It insulates you from electricity.
 F - the +1 pair of boots of the Other World (worn) {Will+}
   (You found it on level 2 of the Elven Halls)

   Will+:     It increases your willpower.
 M - a +2 pair of gloves (worn)
 R - a +0 cloak (worn)
Jewellery
 g - a ring of see invisible
 n - a ring of willpower
 p - a ring of protection from cold
 r - a ring of poison resistance
 s - a +4 ring of protection
 t - a ring of flight (left hand)
 u - a ring of wizardry
 v - a ring of resist corrosion
 J - a ring of protection from cold
 K - an amulet of regeneration (around neck)
 Q - a +4 ring of slaying (right hand)
Talismans
 S - a dragon-blood talisman
Wands
 w - a wand of paralysis (3)
 y - a wand of digging (10)
Scrolls
 e - a scroll of acquirement
 j - 5 scrolls of teleportation
 l - 7 scrolls of immolation
 x - a scroll of enchant armour
 A - a scroll of silence
 E - 6 scrolls of identify
 G - a scroll of poison
 N - a scroll of revelation
Potions
 f - 2 potions of might
 h - 4 potions of curing
 i - 3 potions of haste
 k - 6 potions of resistance
 m - 5 potions of enlightenment
 o - a potion of attraction
 z - 2 potions of mutation
 B - a potion of ambrosia


   Skills:
 + Level 17.2 Fighting
 + Level 18.2 Long Blades
 + Level 16.4 Armour
 + Level 10.3 Dodging
 + Level 8.1 Stealth
 + Level 25.8 Shields
 + Level 2.4 Invocations
 + Level 0.7 Evocations


You had 18 spell levels left.
You didn't know any spells.
Your spell library contained the following spells:

 Spells                   Type           Power      Damage    Failure   Level
 Apportation              Tloc           0%         N/A       85%         1
 Foxfire                  Conj/Fire      0%         2x1d4     85%         1
 Kiss of Death            Conj/Necr      0%         2d5       85%         1
 Magic Dart               Conj           0%         1d3       85%         1
 Necrotise                Necr           0%         1d4       85%         1
 Sting                    Conj/Alch      0%         1d3       85%         1
 Blink                    Tloc           0%         N/A       94%         2
 Cigotuvi's Dreadful Rot  Necr/Alch/Air  0%         N/A       94%         2
 Ensorcelled Hibernation  Hex/Ice        0%         N/A       94%         2
 Lesser Beckoning         Tloc           0%         N/A       94%         2
 Mercury Vapours          Alch/Air       0%         N/A       94%         2
 Searing Ray              Conj           0%         2d4       94%         2
 Static Discharge         Conj/Air       0%         3-3/arc   94%         2
 Dazzling Flash           Conj/Hex       0%         N/A       99%         3
 Fugue of the Fallen      Necr           0%         N/A       99%         3
 Hailstorm                Conj/Ice       0%         3d5       99%         3
 Mephitic Cloud           Conj/Alch/Air  0%         N/A       99%         3
 Passwall                 Erth           0%         N/A       99%         3
 Swiftness                Air            0%         N/A       99%         3
 Vampiric Draining        Necr           0%         2d6       99%         3
 Volatile Blastmotes      Fire/Tloc      0%         2d10      99%         3
 Airstrike                Air            0%         2d(0-16)  100%        4
 Anguish                  Hex/Necr       0%         N/A       100%        4
 Brom's Barrelling Bould  Conj/Erth      0%         2d3       100%        4
 Cause Fear               Hex            0%         N/A       100%        4
 Dimensional Bullseye     Hex/Tloc       0%         N/A       100%        4
 Dispel Undead            Necr           0%         3d6       100%        4
 Flame Wave               Conj/Fire      0%         2d4       100%        4
 Fulminant Prism          Conj/Alch      0%         3d5       100%        4
 Iskenderun's Mystic Bla  Conj/Tloc      0%         2d3       100%        4
 Sticky Flame             Fire/Alch      0%         2d4       100%        4
 Fireball                 Conj/Fire      0%         3d3       100%        5
 Freezing Cloud           Conj/Ice/Air   0%         6-21      100%        5
 Iskenderun's Battlesphe  Conj           0%         2d6       100%        5
 Lee's Rapid Deconstruct  Erth           0%         3d4*      100%        5
 Bombard                  Conj/Erth      0%         9d1       100%        6
 Conjure Ball Lightning   Conj/Air       0%         3x3d6     100%        6
 Plasma Beam              Fire/Air       0%         2x1d10    100%        6
 Starburst                Conj/Fire      0%         6d3       100%        6
 Orb of Destruction       Conj           0%         9d5       100%        7
 Maxwell's Capacitive Co  Air            0%         ∞         100%        8
 Summon Small Mammal      Summ           Unusable   N/A       N/A         1
 Call Imp                 Summ           Unusable   N/A       N/A         2
 Summon Ice Beast         Ice/Summ       Unusable   N/A       N/A         3
 Tukima's Dance           Hex            Unusable   N/A       N/A         3
 Martyr's Knell           Necr/Summ      Unusable   N/A       N/A         4
 Summon Lightning Spire   Summ/Air       Unusable   N/A       N/A         4
 Death Channel            Necr           Unusable   N/A       N/A         6
 Sculpt Simulacrum        Ice/Alch       Unusable   N/A       N/A         6
 Spellforged Servitor     Conj/Summ      Unusable   N/A       N/A         7
 Dragon's Call            Summ           Unusable   N/A       N/A         9

Dungeon Overview and Level Annotations

Branches:
Dungeon (15/15)            Temple (1/1) D:7            Lair (5/5) D:11
 Shoals (4/4) Lair:2       Spider (1/4) Lair:2        Slime (0/5) Lair:4
    Orc (2/2) D:12            Elf (3/3) Orc:2        Vaults (1/5) D:13
 Depths (0/4) D:15

Altars:
Ashenzari
Cheibriados
Dithmenos
Elyvilon
Fedhas
Gozag
Hepliaklqana
Kikubaaqudgha
Makhleb
Nemelex Xobeh
Okawaru
Qazlal
Ru
Sif Muna
Trog
Uskayaw
Vehumet
Wu Jian
Xom
Yredelemnul
Zin
The Shining One

Shops:
D:1 (   D:5 *   Orc:2 [*(=   Elf:1 ?(=   Elf:3 ?([   Shoals:1 (

Annotations:
Lair:4 Casa


Innate Abilities, Weirdness & Mutations

You have a pair of horns on your head.
You reflexively headbutt those who attack you in melee.


Message History

Your +8 falchion of Giogg {spect, rN++ Int+2} hits the ironbound thunderhulk.
Unknown command.
You closely miss the ironbound thunderhulk.
Your headbutt misses the ironbound thunderhulk.
The ironbound thunderhulk is severely wounded.
Your +8 falchion of Giogg {spect, rN++ Int+2} hits the ironbound thunderhulk!
The ironbound convoker gestures at the dire elephant while chanting.
The dire elephant seems to grow stronger.
The deep troll misses you. You furiously retaliate!
You headbutt the deep troll! You block the deep troll's attack.
The deep troll claws you but does no damage.
You block the great orb of eyes's attack.
The dire elephant misses you. You block the dire elephant's attack.
You block the ironbound thunderhulk's attack.
You hit the ironbound thunderhulk but do no damage.
The ironbound thunderhulk is almost dead.
Your +8 falchion of Giogg {spect, rN++ Int+2} hits the ironbound thunderhulk!
You block the deep troll's attack. x3
You block the great orb of eyes's attack.
The dire elephant tramples you!!
* * * LOW HITPOINT WARNING * * *
You are shoved backwards!
Your +8 falchion of Giogg {spect, rN++ Int+2} disappears.
The ironbound thunderhulk misses you. You furiously retaliate!
You headbutt the ironbound thunderhulk!
You kill the ironbound thunderhulk!
Okawaru accepts your kill.
Unknown command.
You slash the dire elephant! You headbutt the dire elephant.
The dire elephant is lightly wounded.
Your +8 falchion of Giogg {spect, rN++ Int+2} hits the dire elephant!
The deep troll bites your +8 falchion of Giogg {spect, rN++ Int+2}!!
Your spectral weapon shares its damage with you!
Your +8 falchion of Giogg {spect, rN++ Int+2} disappears.
* * * LOW HITPOINT WARNING * * *
You hit the dire elephant.
The dire elephant is lightly wounded.
Your +8 falchion of Giogg {spect, rN++ Int+2} hits the dire elephant!
The dire elephant tramples you!!!
You die...

#........# #........#
#........#
#........###########
#........'.........# ..
#........#....)))..# ....
#........#....))..[#.....
#........#.....))p.pT....
######'####.....@YT.#.....
#...#...# #.....(.G.# ####
#...#...# #.........#
##'##...# ####++#####
()...#### )....# .....+
.)...# .....#


You could see a dire elephant (strong, sheltered), an ironbound preserver, a
great orb of eyes, 2 deep trolls, an ironbound convoker (sheltered) and a
friendly +8 falchion of Giogg {spect, rN++ Int+2}.

Vanquished Creatures
  Boris (Elf:3)
  2 deep elf master archers (Elf:3)
  A sphinx (D:12)
  5 deep elf blademasters (Elf:2)
  Kirke (Lair:5)
  Roxanne (D:15)
  Ilsuiw (Shoals:3)
  8 deep elf sorcerers
  3 deep elf elementalists (Elf:3)
  2 orc warlords (Orc:1)
  A broodmother (Spider:1)
  An ironbound preserver (Vaults:1)
  A stone giant (D:15)
  2 ironbound thunderhulks (Vaults:1)
  The ghost of TreeFish the Destroyer, a journeyman HuCj of Vehumet (Lair:2)
  A deep elf demonologist (Elf:3)
  10 deep elf annihilators
  The ghost of kalagan the Eclecticist, a journeyman DECj of Sif Muna (Elf:2)
  2 deep elf death magi (Elf:3)
  A dire elephant (Lair:4)
  Azrael (D:15)
  4 merfolk impalers
  A yaktaur captain (Vaults:1)
  3 deep elf high priests (Elf:3)
  4 merfolk javelineers
  6 vault guards
  An entropy weaver (Spider:1)
  2 catoblepae (Lair:5)
  A rakshasa (D:15)
  6 hydras
  An ogre mage (D:14)
  7 merfolk avatars
  A radroach (Spider:1)
  An alligator snapping turtle (Shoals:4)
  5 merfolk aquamancers
  3 tengu warriors
  2 centaur warriors
  3 boulder beetles (D:14)
  6 two-headed ogres
  4 satyrs
  20 death yaks
  22 dancing weapons
  A deep troll shaman (Lair:5)
  2 demonic crawlers (Spider:1)
  6 orc high priests
  Sonja (Lair:3)
  20 deep elf knights
  7 skysharks
  2 deep trolls (Vaults:1)
  A pharaoh ant (Lair:2)
  10 sea snakes
  2 orb spiders (Spider:1)
  A glowing orange brain (Vaults:1)
  A lindwurm (Lair:5)
  2 steelbarb worms (Spider:1)
  5 deep elf archers
  An ironbound convoker (Vaults:1)
  An arcanist (Vaults:1)
  17 harpies
  6 wolf spider zombies (Spider:1)
  25 deep elf pyromancers
  4 spectral wolf spiders (Spider:1)
  4 orc knights
  14 deep elf zephyrmancers
  5 ugly things
  15 manticores
  6 wolf spiders (Spider:1)
  3 orc sorcerers (Orc:2)
  20 fauns
  2 moths of wrath (Elf:2)
  10 cyclopes
  34 elephants
  4 merfolk sirens
  Joseph (D:7)
  2 kobold blastminers (Orc:2)
  4 black mambas
  A torpor snail (Spider:1)
  2 vault sentinels (Vaults:1)
  9 water nymphs
  3 gargoyles
  9 cane toads
  3 unseen horrors (D:12)
  3 rime drakes
  6 komodo dragons
  3 kobold demonologists
  5 yaktaurs (Vaults:1)
  3 freezing wraiths (D:15)
  35 merfolk
  2 tengu conjurers (D:15)
  4 wolf spider simulacra (Spider:1)
  2 burning bushes (Lair:1)
  6 trolls
  7 tarantellas
  A hornet (D:9)
  13 blink frogs
  4 polar bears
  6 wind drakes
  7 dream sheep
  A slime creature (D:12)
  7 snapping turtles
  16 jumping spiders (Spider:1)
  Sigmund (D:3)
  2 culicivoras (Spider:1)
  A spriggan (Lair:4)
  66 yaks
  2 vampires
  15 water elementals
  9 humans
  A shadow (D:11)
  3 wyverns
  4 wraiths
  5 fire elementals
  3 hogs
  11 redbacks (Spider:1)
  4 basilisks
  A steam dragon (Lair:1)
  8 wargs
  15 vampire mosquitoes
  2 acid dragons
  16 water moccasins
  2 hell hounds
  10 black bears
  An ice beast (D:11)
  34 orc warriors
  A sky beast (D:6)
  8 centaurs
  8 ogres
  32 wolves
  A phantom (D:5)
  4 kobold brigands
  8 bullfrogs
  3 gnoll sergeants
  An earth elemental (Elf:3)
  4 scorpions
  12 wights (D:6)
  3 killer bees (D:9)
  2 bombardier beetles (D:5)
  12 howler monkeys
  An electric eel (Elf:3)
  2 jellies
  2 gnoll boudas (D:5)
  22 orc priests
  6 hounds
  2 sleepcaps
  Natasha (D:3)
  7 iguanas
  30 orc wizards
  33 gnolls
  7 adders
  4 white imps
  2 howler monkey simulacra (D:8)
  2 ufetubi (D:5)
  3 ribbon worms
  A dart slug (D:1)
  90 orcs
  10 ball pythons
  3 bats
  8 endoplasms
  2 giant cockroaches
  8 goblins
  6 hobgoblins
  13 jackals
  2 quokkas
  12 frilled lizards
  15 kobolds
  4 rats
1160 creatures vanquished.

Vanquished Creatures (others)
  A merfolk impaler (Shoals:4)
  A kobold demonologist (D:10)
  A water elemental (Shoals:3)
  A human (D:13)
  34 spectral weapons
38 creatures vanquished.

Grand Total: 1198 creatures vanquished

Notes
Turn   | Place    | Note
-------+----------+-------------------------------------------
     0 | D:1      | Peloso the Minotaur Fighter began the quest for the Orb.
     0 | D:1      | Reached XP level 1. HP: 19/19 MP: 0/0
   228 | D:1      | Reached XP level 2. HP: 25/27 MP: 1/1
   252 | D:1      | Found a faded altar of an unknown god.
   442 | D:1      | Found Murori's Weapon Shop.
   449 | D:1      | Reached skill level 4 in Shields
   787 | D:1      | Identified a scroll of acquirement
   905 | D:2      | Found a shimmering altar of Xom.
   924 | D:2      | Reached XP level 3. HP: 33/33 MP: 2/2
  1239 | D:2      | Reached skill level 1 in Dodging
  1276 | D:2      | Reached XP level 4. HP: 41/41 MP: 3/3
  1653 | D:3      | Noticed Sigmund
  1772 | D:4      | Reached XP level 5. HP: 37/47 MP: 4/4
  2184 | D:4      | Reached skill level 5 in Armour
  2318 | D:4      | Found a glowing golden altar of the Shining One.
  2380 | D:4      | Noticed a black bear
  2384 | D:4      | Killed a black bear
  2385 | D:4      | Reached skill level 5 in Long Blades
  2385 | D:4      | Reached XP level 6. HP: 53/53 MP: 5/5
  2434 | D:4      | Identified the +8 chain mail "Fiamna" {Rampage rC+ Will-
                  | Str+2}
  2827 | D:3      | Killed Sigmund
  2828 | D:3      | Reached skill level 5 in Fighting
  2828 | D:3      | Reached XP level 7. HP: 53/61 MP: 6/6
  3008 | D:3      | Noticed Natasha
  3015 | D:3      | Killed Natasha
  3309 | D:5      | Entered Level 5 of the Dungeon
  3448 | D:5      | Found a shimmering altar of Xom.
  3597 | D:5      | Reached skill level 5 in Shields
  3772 | D:5      | Found Uhosul's Assorted Antiques.
  3935 | D:5      | Bought 2 blue potions for 46 gold pieces
  3967 | D:5      | Reached XP level 8. HP: 69/69 MP: 7/7
  5533 | D:6      | Reached XP level 9. HP: 78/78 MP: 8/8
  5713 | D:6      | Reached skill level 6 in Shields
  5723 | D:6      | Reached skill level 10 in Long Blades
  6011 | D:7      | Found a staircase to the Ecumenical Temple.
  6042 | Temple   | Entered the Ecumenical Temple
  6051 | Temple   | Became a worshipper of Warmaster Okawaru
  6156 | D:7      | Identified the +7 chain mail of Vehumet's Vengeance {rElec
                  | rF+}
  6215 | D:7      | Noticed Joseph
  6237 | D:7      | Killed Joseph
  6238 | D:7      | Reached skill level 1 in Stealth
  6380 | D:7      | Reached skill level 7 in Shields
  6555 | D:7      | Reached * piety under Okawaru
  7082 | D:8      | Found a broken altar of Ashenzari.
  7177 | D:8      | Found a runed translucent gate.
  7177 | D:8      | Found a runed translucent gate.
  7177 | D:8      | Found a runed translucent gate.
  7177 | D:8      | Noticed a death yak
  7177 | D:8      | Noticed a death yak
  7178 | D:8      | Noticed a polar bear
  7178 | D:8      | Noticed a polar bear
  7178 | D:8      | Noticed a death yak
  7178 | D:8      | Noticed a death yak
  7224 | D:8      | Reached XP level 10. HP: 84/88 MP: 9/9
  7374 | D:8      | Identified the +8 falchion of Giogg {spect, rN++ Int+2}
  7429 | D:8      | Found a hide-covered altar of Uskayaw.
  7498 | D:8      | Found a snail-covered altar of Cheibriados.
  7576 | D:8      | Found a shadowy altar of Dithmenos.
  7940 | D:9      | Found an ornate altar of the Wu Jian Council.
  8019 | D:9      | Reached ** piety under Okawaru
  8020 | D:9      | Reached skill level 10 in Armour
  8124 | D:9      | Reached skill level 8 in Shields
  8322 | D:9      | Noticed a two-headed ogre
  8328 | D:9      | Killed a two-headed ogre
  8328 | D:9      | Reached *** piety under Okawaru
  8406 | D:9      | Found a glowing silver altar of Zin.
  8496 | D:9      | Found an opulent altar of Gozag.
  8544 | D:9      | Reached skill level 9 in Shields
  8637 | D:9      | Reached XP level 11. HP: 97/97 MP: 10/10
  8964 | D:9      | Reached **** piety under Okawaru
  9397 | D:10     | Entered Level 10 of the Dungeon
  9621 | D:10     | Found a blossoming altar of Fedhas.
  9724 | D:10     | Reached skill level 10 in Shields
 10179 | D:11     | Found a staircase to the Lair.
 10188 | D:11     | Reached ***** piety under Okawaru
 10196 | D:11     | Noticed a white ugly thing
 10221 | D:11     | HP: 1/99 [white ugly thing (10)]
 10224 | D:11     | Killed a white ugly thing
 10299 | D:11     | Found a flickering gateway to a bazaar.
 10309 | Bazaar   | Entered a bazaar
 10309 | Bazaar   | Found Dyobaimuisy's Weapon Shoppe.
 10309 | Bazaar   | Found Wuzxaar's Book Shoppe.
 10310 | Bazaar   | Found Pixasch's General Store.
 10310 | Bazaar   | Found Abroalet's Weapon Emporium.
 10347 | Bazaar   | Bought a potion of curing for 33 gold pieces
 10362 | Bazaar   | Bought a ring of flight for 192 gold pieces
 10362 | Bazaar   | Bought a scroll of noise for 11 gold pieces
 10481 | D:11     | Reached skill level 11 in Shields
 11072 | D:12     | Identified the +0 long sword "Owkuc" {speed, Will+ Stlth+}
 11154 | D:12     | Noticed a two-headed ogre
 11163 | D:12     | Killed a two-headed ogre
 11163 | D:12     | Received a gift from Okawaru
 11253 | D:12     | Identified the +4 dagger "Myppazxa" {elec, *Slow Int-3
                  | Dex+7}
 11253 | D:12     | Noticed a red ugly thing
 11261 | D:12     | Killed a red ugly thing
 11262 | D:12     | Reached skill level 10 in Fighting
 11267 | D:12     | Reached skill level 1 in Invocations
 11270 | D:12     | Found a staircase to the Orcish Mines.
 11288 | D:12     | Reached XP level 12. HP: 63/106 MP: 11/11
 11525 | D:12     | Noticed a two-headed ogre
 11532 | D:12     | Killed a two-headed ogre
 11533 | D:12     | Reached skill level 12 in Shields
 11789 | D:12     | Reached ****** piety under Okawaru
 11975 | D:12     | Noticed a sphinx
 12084 | D:12     | Killed a sphinx
 12084 | D:12     | Received a gift from Okawaru
 12307 | Lair:1   | Entered Level 1 of the Lair of Beasts
 12367 | D:11     | Reached skill level 13 in Shields
 12424 | Lair:1   | Reached skill level 5 in Dodging
 12582 | Lair:1   | Received a gift from Okawaru
 13371 | Lair:1   | Reached skill level 14 in Shields
 13457 | Lair:2   | Found a hole to the Spider Nest.
 13473 | Lair:2   | Reached XP level 13. HP: 93/116 MP: 12/12
 13562 | Lair:2   | Received a gift from Okawaru
 13772 | Lair:2   | Found a runed translucent door.
 13772 | Lair:2   | Noticed TreeFish's ghost (journeyman HuCj)
 13913 | Lair:2   | Found a staircase to the Shoals.
 14793 | Lair:3   | Identified the +1 leather armour of Hakkerho {Int+3}
 14814 | Lair:3   | Reached skill level 15 in Shields
 14861 | Lair:3   | Received a gift from Okawaru
 15260 | Lair:3   | Noticed Sonja
 15654 | Lair:3   | Received a gift from Okawaru
 15916 | Lair:3   | Reached skill level 16 in Shields
 15922 | Lair:3   | Killed Sonja
 16276 | Orc:1    | Entered Level 1 of the Orcish Mines
 16403 | Orc:2    | Entered Level 2 of the Orcish Mines
 16404 | Orc:2    | Noticed an orc warlord
 16439 | Orc:1    | Killed an orc warlord
 16562 | Orc:2    | Found a staircase to the Elven Halls.
 16607 | Orc:2    | Noticed an orc warlord
 16795 | Orc:1    | Killed an orc warlord
 16973 | Orc:2    | Received a gift from Okawaru
 17061 | Orc:2    | Reached skill level 15 in Long Blades
 17083 | Orc:2    | Reached XP level 14. HP: 119/126 MP: 14/14
 18299 | Orc:2    | Reached skill level 17 in Shields
 18564 | Orc:2    | Found Biopacuf's General Store.
 18565 | Orc:2    | Found Hirgheav's Jewellery Shoppe.
 18567 | Orc:2    | Found Kyrphi's Antique Armour Emporium.
 18567 | Orc:2    | Found Taext's Antique Weapon Emporium.
 18591 | Orc:2    | Bought a runed tower shield for 240 gold pieces
 18894 | Orc:2    | Received a gift from Okawaru
 19678 | D:13     | Reached skill level 18 in Shields
 19714 | D:13     | Found a gate to the Vaults.
 19720 | D:13     | Identified the +1 great mace of Tolonen {flame, Str+3}
 20397 | Lair:4   | Received a gift from Okawaru
 20708 | Lair:4   | Reached skill level 5 in Stealth
 21083 | Lair:4   | Received a gift from Okawaru
 21084 | Lair:4   | Reached XP level 15. HP: 130/136 MP: 15/15
 21090 | Lair:4   | Identified the +4 mace of Tension {elec, Int+5}
 21377 | Lair:4   | Found a staircase to the Slime Pits.
 21392 | Lair:5   | Entered Level 5 of the Lair of Beasts
 21499 | Lair:5   | Reached skill level 19 in Shields
 21777 | Lair:5   | Received a gift from Okawaru
 22235 | Lair:5   | Received a gift from Okawaru
 22364 | Lair:5   | Noticed Kirke
 22389 | Lair:5   | Killed Kirke
 23016 | Lair:4   | You fall into a shaft and drop 1 floor!
 23564 | D:14     | Reached skill level 20 in Shields
 24253 | D:15     | Entered Level 15 of the Dungeon
 24259 | D:15     | Received a gift from Okawaru
 24390 | D:15     | Noticed Azrael
 24455 | D:15     | Killed Azrael
 24632 | D:15     | Noticed Roxanne
 24666 | D:15     | Killed Roxanne
 24726 | D:15     | Reached XP level 16. HP: 147/147 MP: 16/16
 24815 | D:15     | Found a staircase to the Depths.
 25230 | D:8      | Received a gift from Okawaru
 25273 | D:8      | Identified the staff of Prudence {rElec Int+4 Air}
 25284 | D:8      | Got the Cyclopedia of Nephomancy
 25677 | Spider:1 | Entered Level 1 of the Spider Nest
 25703 | Spider:1 | Reached skill level 21 in Shields
 26918 | Spider:1 | Received a gift from Okawaru
 27791 | Elf:1    | Entered Level 1 of the Elven Halls
 27832 | Elf:1    | Reached skill level 22 in Shields
 27833 | Elf:1    | Found Nufuyqog's Jewellery Shop.
 27835 | Elf:1    | Found Faf Tymm's Antique Weapon Boutique.
 27837 | Elf:1    | Found Uset's Magic Scroll Shop.
 27845 | Elf:1    | Bought a scroll of acquirement for 1040 gold pieces
 27846 | Elf:1    | Acquired 902 gold pieces
 27859 | Elf:1    | Acquired a +1 double sword of freezing
 27884 | Elf:1    | Bought a scroll of identify for 40 gold pieces
 27903 | Elf:1    | Received a gift from Okawaru
 27957 | Elf:1    | Reached skill level 15 in Fighting
 28677 | Elf:1    | Received a gift from Okawaru
 28710 | Elf:1    | Got the Folio of Conjuration
 28747 | Elf:1    | Reached skill level 15 in Armour
 29233 | Elf:2    | Found a transporter.
 29242 | Elf:2    | Noticed a deep elf blademaster
 29242 | Elf:2    | Noticed a deep elf blademaster
 29242 | Elf:2    | Noticed kalagan's ghost (journeyman DECj)
 29242 | Elf:2    | Noticed a deep elf blademaster
 29248 | Elf:2    | Found a transporter.
 29251 | Elf:2    | Found a bloodstained altar of Trog.
 29251 | Elf:2    | Noticed a deep elf blademaster
 29341 | Elf:2    | Found a runed translucent gate.
 29342 | Elf:2    | Found a runed translucent gate.
 29342 | Elf:2    | Found a runed translucent gate.
 29465 | Elf:2    | Reached XP level 17. HP: 148/156 MP: 17/17
 29641 | Elf:2    | Noticed a deep elf blademaster
 29670 | Elf:2    | Killed a deep elf blademaster
 29892 | Elf:2    | Received a gift from Okawaru
 30067 | Elf:2    | Reached skill level 23 in Shields
 30346 | Elf:2    | Killed kalagan's ghost
 30357 | Elf:2    | Killed a deep elf blademaster
 30358 | Elf:2    | Identified the +1 pair of boots of the Other World {Will+}
 30367 | Elf:2    | HP: 3/156 [deep elf blademaster/+1 antimagic quick blade
                  | (10)]
 30606 | Elf:2    | Killed a deep elf blademaster
 30614 | Elf:2    | Killed a deep elf blademaster
 30863 | Elf:2    | Killed a deep elf blademaster
 30926 | Elf:3    | Entered Level 3 of the Elven Halls
 31034 | Elf:3    | Found Ikheox's Armour Emporium.
 31120 | Elf:3    | Found Icuol's Weapon Shop.
 31131 | Elf:3    | Noticed Boris
 31138 | Elf:3    | Received a gift from Okawaru
 31153 | Elf:3    | Killed Boris
 31228 | Elf:3    | Found Okoif's Magic Scroll Emporium.
 31917 | Elf:3    | Received a gift from Okawaru
 32143 | Elf:3    | Noticed a deep elf master archer
 32164 | Elf:3    | Killed a deep elf master archer
 32248 | Elf:3    | Received a gift from Okawaru
 32296 | Elf:3    | Got the Compendium of Planar Ectoplasm
 32344 | Elf:3    | Identified the +2 robe of the Hot Ocelot {+Blink rN++}
 32396 | Elf:3    | Identified the +0 chain mail "Suppaecw" {Harm Rampage
                  | +Blink Will+ Str-3}
 32397 | Elf:3    | Identified the +5 long sword "Xeplitt" {drain, ^Fragile
                  | rC+++ rCorr Dex+4}
 32410 | Elf:3    | Got Noloucue's Papyrus of the Snake
 32431 | Elf:3    | Identified the staff of Ikergh {^Drain rPois Stlth+ Earth}
 32442 | Elf:3    | Identified the +4 halberd of Misery {protect, Dex+2}
 32503 | Elf:3    | Reached XP level 18. HP: 122/166 MP: 18/18
 32567 | Elf:3    | Reached skill level 24 in Shields
 33058 | Lair:2   | Killed TreeFish's ghost
 33102 | Shoals:1 | Entered Level 1 of the Shoals
 33134 | Shoals:1 | Found Bajeorhas's Antique Weapon Boutique.
 34195 | Shoals:2 | Received a gift from Okawaru
 34293 | Shoals:2 | Identified the +6 chain mail of Qyfegeur {rF+ Str+3 Dex-5}
 35543 | Shoals:3 | Received a gift from Okawaru
 35954 | Shoals:3 | Noticed Ilsuiw
 35990 | Shoals:3 | Killed Ilsuiw
 35991 | Shoals:3 | Reached skill level 25 in Shields
 36404 | Shoals:4 | Entered Level 4 of the Shoals
 36611 | Shoals:4 | Reached skill level 10 in Dodging
 36724 | Shoals:4 | Received a gift from Okawaru
 36887 | Shoals:4 | Got the Verses on Talus and Gloom
 37026 | Shoals:4 | Got a barnacled rune of Zot
 37617 | Shoals:4 | Identified the +6 rapier of Wrath {flame, rC+ Str+5 Dex+3}
 38211 | Vaults:1 | Entered Level 1 of the Vaults
 38221 | Vaults:1 | Reached XP level 19. HP: 160/177 MP: 19/19
 38257 | Vaults:1 | Received a gift from Okawaru
 38376 | Vaults:1 | Demolished by a dire elephant

Illustrated notes

Levels and vault maps discovered:
D:1:      dpeg_arrival_orchard, layout_basic, serial_forest,
          infiniplex_forest_lined_ring, infiniplex_forest_lined_3_way,
          infiniplex_forest_lined_room_3, infiniplex_forest_straight_2,
          infiniplex_forest_lined_room_, infiniplex_forest_lined_ring,
          infiniplex_forest_straight_3, infiniplex_forest_clump_C, serial_shops,
          nicolae_shop_bloodbath_and_beyond,
          shapermc_ecumenical_altar_mp_highgroup,
          hangedman_abyss_or_decor_lesser_grid, minmay_strange_pillars,
          palyth_stone_intersect, minmay_surrounded
D:2:      layout_rooms, basic_altar, minmay_misc_feat_cross
D:3:      kennysheep_the_goblin_king, layout_loops_cross, minmay_cupped,
          uniq_sigmund, uniq_natasha
D:4:      layout_loops_corners, marbit_many_paths, minmay_lizard_king
D:5:      lemuel_castle_with_subvaults [lemuel_castle_interior_carwin_3],
          layout_loops_corners, mainiacjoe_overflow_alcove_2, serial_shops,
          nicolae_shop_overgrown_old_shop
D:6:      layout_gridville, minmay_stone_trees_small
D:7:      layout_basic, minmay_temple_entry_drinking_statues, minmay_holes,
          uniq_joseph
D:8:      lemuel_bear_cage, layout_basic, kennysheep_mini_moat,
          mainiacjoe_overflow_paths, lemuel_tele_altar, evilmike_ruin_ashenzari,
          serial_ice, serial_ice_g, serial_ice_a, serial_ice_m, serial_ice_n,
          serial_ice_c
D:9:      lemuel_troll_bridge, layout_basic,
          pdpol_temple_overflow_zin_treasury_gozag_greed,
          mainiacjoe_overflow_cross_hatched
D:10:     layout_small_grid, fedhas_ov_isle_minmay, roderic_malta_cross
D:11:     layout_cave_pools, hellmonk_lair_entry_icy, serial_shops,
          bzr_entry_islet
D:12:     layout_roguey, david_orc_2, kennysheep_four_rooms
D:13:     layout_loops_ring, ximxim_vaults_locker_room,
          amcnicky_mini_rare_corridor_liquid
D:14:     layout_roguey, serial_park_tiny_pond
D:15:     grunt_enter_depths_giant_problem, layout_cave_pools, uniq_azrael,
          uniq_roxanne
Temple:   hellmonk_temple_flake
Lair:1:   layout_cave_pods, evilmike_ambush [evilmike_ambush_outer_pillars,
          evilmike_ambush_inner_basic]
Lair:2:   layout_hall_layers, mainiacjoe_shoals_entry_four_pools,
          nicolae_spider_entry_lesser_pyramids, gammafunk_ghost_grave,
          grunt_megastairs_2
Lair:3:   layout_cave_pods, lemuel_fruit_fields, uniq_sonja
Lair:4:   mu_elephants_graveyard, layout_regular_city, dpeg_slime_entry_enclosed
Lair:5:   grunt_lair_end_beastmaster, layout_small_grid, uniq_kirke
Shoals:1: layout_shoals, serial_shops, shop
Shoals:2: layout_shoals, nicolae_shoals_gull_way
Shoals:3: layout_shoals, uniq_ilsuiw
Shoals:4: shoals_end_simple, layout_shoals
Spider:1: layout_chambers, nicolae_spider_undead_wolf_pack
Orc:1:    layout_caves, basic_altar
Orc:2:    st_orc_congregation, layout_caves, nicolae_orc_rich_vein
Elf:1:    nicolae_elf_arrival_fired_up, layout_geoelf_octagon,
          minmay_elf_annihilation, lemuel_flamethrower_1, minmay_shop_star
Elf:2:    nicolae_elf_blades_crystal_corner, layout_geoelf_octagon,
          gammafunk_ghost_wrathful_warriors
Elf:3:    minmay_elf_hall_dome, layout_onion_city, serial_shops,
          nicolae_diamond_shop, shop, shop, minivault_4, uniq_boris
Vaults:1: v_misc_18, ontoclasm_vaults_fault, vaults_mumra_hex, v_misc_13,
          v_misc_14, hangedman_vaults_variations, hangedman_vaults_unwind,
          vaults_room_semicircle, vaults_dpeg_diagonal, grunt_vaults_funnel,
          vaults_mumra_minichess, nicolae_vaults_little_squares_5,
          nicolae_vaults_tetromino_L_2, v_alt_pattern_1, nicolae_vaults_house_2,
          nicolae_vaults_little_squares_2, layout_vaults_maze

Skill      XL: |  1  2  3  4  5  6  7  8  9 10 11 12 13 14 15 16 17 18 |
---------------+-------------------------------------------------------+-----
Armour         | 4 5 6 7 9 10 11 12 13 14 15 16 | 16.4
Fighting       | 4 5 6 7 9 10 11 12 13 14 15 16 17 | 17.2
Shields        | 4 5 7 9 11 14 16 18 20 22 23 25 | 25.8
Long Blades    | 3 4 5 7 9 11 12 13 14 15 16 17 18 | 18.2
Dodging        | 1 2 3 4 5 6 8 9 10 | 10.3
Stealth        | 1 2 3 4 5 6 7 8 |  8.1
Invocations    | 1 2 |  2.4
Evocations     | |  0.7

Action                     |  1- 3 |  4- 6 |  7- 9 | 10-12 | 13-15 | 16-18 | 19-21 || total
---------------------------+-------+-------+-------+-------+-------+-------+-------++-------
  Melee: Long sword        |    90 |   100 |   333 |       |    10 |       |       ||   533
         Headbutt          |    14 |    14 |   112 |   143 |   469 |   417 |    31 ||  1200
         Scimitar          |       |       |   175 |    16 |       |       |       ||   191
         Falchion          |       |       |       |   533 |  1542 |  1487 |    78 ||  3640
 Invoke: Heroism           |       |       |       |     2 |     7 |    10 |       ||    19
  Evoke: Wand              |       |       |       |       |     1 |     7 |       ||     8
    Use: Scroll            |     2 |     2 |     4 |    15 |     6 |    16 |       ||    45
         Potion            |       |       |       |     5 |     2 |    19 |       ||    26
   Stab: Distracted        |       |       |       |    12 |    34 |    36 |       ||    82
         Paralysed         |       |       |       |       |     2 |       |       ||     2
         Petrified         |       |       |       |       |     5 |       |       ||     5
 Armour: Chain mail        |    58 |    86 |   417 |   315 |   890 |   862 |    34 ||  2662
         Scale mail        |     1 |       |       |       |       |       |       ||     1
  Dodge: Dodged            |    27 |    52 |   196 |   107 |   387 |   388 |    23 ||  1180
  Block: Buckler           |    12 |    31 |   116 |       |       |       |       ||   159
         Tower shield      |       |       |   114 |   482 |  1555 |  1914 |   105 ||  4170
